 Dungeon Crawl Stone Soup version 0.31-a0-426-g3a05650e59 (webtiles) character file.

Game seed: 6040651235104324171

3 hashsling the Stinger (level 1, 0/13 HPs)
             Began as a Merfolk Venom Mage on July 30, 2023.
             Slain by a hobgoblin (2 damage)
             ... on level 1 of the Dungeon.
             The game lasted 00:00:55 (59 turns).

hashsling the Stinger (Merfolk Venom Mage)            Turns: 59, Time: 00:00:56

Health: 0/13       AC:  2    Str:  8    XL:     1   Next: 50%
Magic:  1/3        EV: 12    Int: 14    God:
Gold:   0          SH:  0    Dex: 14    Spells: 3/4 levels left

rFire   . . .        c - +2 dagger (speed)
rCold   . . .        (no shield)
rNeg    . . .        a - +0 robe
rPois   .            (no helmet)
rElec   .            (no cloak)
rCorr   .            (no gloves)
SInv    .            (no boots)
Will    .....        (no amulet)
Stlth   ++           (no ring)
HPRegen 0.22/turn    (no ring)
MPRegen 0.08/turn

%: no passive effects
@: no status effects
A: (nimble swimmer 2), mertail
a: no special abilities


You were on level 1 of the Dungeon.
You visited 1 branch of the dungeon, and saw 1 of its levels.

Inventory:

Hand Weapons
 c - a +2 dagger of speed (weapon)
Armour
 a - a +0 robe (worn)
Potions
 b - a potion of magic
 d - a potion of cancellation {unknown}


   Skills:
 + Level 0.2 Fighting
 + Level 2.8 Dodging
 - Level 2.1 Stealth
 - Level 2.0 Spellcasting
 + Level 1.6 Transmutations
 + Level 3.3 Poison Magic


You had 3 spell levels left.
You knew the following spells:

 Your Spells              Type           Power      Damage    Failure   Level
a - Sting                 Tmut/Pois      32%        1d4       9%          1

Your spell library contained the following spells:

 Spells                   Type           Power      Damage    Failure   Level
 Poisonous Vapours        Pois/Air       12%        N/A       19%         2
 Mephitic Cloud           Conj/Pois/Air  4%         N/A       41%         3
 Olgreb's Toxic Radiance  Pois           10%        N/A       52%         4


Dungeon Overview and Level Annotations

Branches:
Dungeon (1/15)

Altars:


Innate Abilities, Weirdness & Mutations

((You are very nimble when in or above water. (Stealth+, EV+, Speed+++)))
Your lower body shifts to a powerful aquatic tail in water.


Message History

You kill the kobold!
You hear a shout!
You hear an angry hiss.
A ball python comes into view.
Found a scroll labelled YGUJAITZUL.
The kobold hits you but does no damage.
The ball python moves out of view.
Things that are here:
a +0 whip; a kobold corpse You barely miss the kobold.
The kobold barely misses you.
A frilled lizard comes into view.
A hobgoblin comes into view.
You closely miss the kobold. You completely miss the kobold.
The kobold barely misses you.
You hit the kobold.
You kill the kobold!
The hobgoblin closely misses you.
Things that are here:
a +0 dagger; 3 stones; a kobold corpse You closely miss the hobgoblin.
You barely miss the hobgoblin. The hobgoblin hits you.
The ball python hisses angrily.
You hit the hobgoblin.
The hobgoblin is heavily wounded.
The hobgoblin hits you.
You are too injured to fight recklessly!
A frilled lizard comes into view.
Things that are here:
a +0 whip; a kobold corpse The hobgoblin attacks as you move away!
The hobgoblin barely misses you. The hobgoblin attacks as you move away!
The hobgoblin hits you.
* * * LOW HITPOINT WARNING * * *
You hit the hobgoblin.
The hobgoblin is almost dead.
You completely miss the hobgoblin.
The hobgoblin is almost dead.
The hobgoblin hits you.
* * * LOW HITPOINT WARNING * * *
The frilled lizard hisses.
You hit the hobgoblin but do no damage.
The hobgoblin is almost dead.
The hobgoblin hits you.
You die...

#. P~~#####.# #. P #.#
#. ###.# #...###
P~##.###.....#
PP.........#.#########
#########.##..........
#......####........
#.......@glS.......
#.....#####g.......
#####.# #)....... #.#
#........ #..
#.S...... ##.
........? # #.#.#.#l#
......... #.#.#.#.#


You could see 2 hobgoblins, a ball python and a frilled lizard.

Vanquished Creatures
  A goblin (D:1)
  3 kobolds (D:1)
4 creatures vanquished.

Notes
Turn   | Place    | Note
-------+----------+-------------------------------------------
     0 | D:1      | hashsling the Merfolk Venom Mage began the quest for the
                  | Orb.
     0 | D:1      | Reached XP level 1. HP: 13/13 MP: 3/3
    59 | D:1      | Slain by a hobgoblin

Illustrated notes

Levels and vault maps discovered:
D:1:      psy_arrival_conway, layout_rooms, minmay_misc_feat_plants,
          st_stairs_13

Action                     || total
---------------------------++-------
  Melee: Dagger            ||    15
   Cast: Sting             ||     3
 Armour: Robe              ||     1
  Dodge: Dodged            ||     8

Table legend: (Time is in decaauts)
 A = Elapsed time spent in this place.
 B = Non-inter-level travel time spent in this place.
 C = Inter-level travel time spent in this place.
 D = Time resting spent in this place.
 E = Time spent auto-exploring this place.
 F = Levels seen in this place.
 G = Mean time per level.
                   A        B        C        D        E       F      G
               +--------+--------+--------+--------+--------+-----+--------+
         Total |     52 |     52 |      0 |      0 |     19 |   1 |   52.0 |
       Dungeon |     52 |     52 |      0 |      0 |     19 |   1 |   52.0 |
               +--------+--------+--------+--------+--------+-----+--------+

Top non-repeatable levels by time:
     D:1: 52 daAuts
